 Dungeon Crawl Stone Soup version 0.30.0-13-g156ef70053 (webtiles) character file.

Game seed: 17416405641028150429

5 Esekla the Grave Robber (level 1, 0/12 HPs)
             Began as an Octopode Necromancer on May 17, 2023.
             Slain by a kobold
             ... wielding a +0 short sword
              (3 damage)
             ... on level 1 of the Dungeon.
             The game lasted 00:01:05 (251 turns).

Esekla the Grave Robber (Octopode Necromancer)       Turns: 251, Time: 00:01:06

Health: 0/12       AC:  1    Str:  7    XL:     1   Next: 80%
Magic:  3/3        EV: 13    Int: 17    God:
Gold:   39         SH:  0    Dex: 12    Spells: 3/4 levels left

rFire   . . .        (no weapon)
rCold   . . .        (no shield)
rNeg    . . .        (helmet restricted)
rPois   .            (no amulet)
rElec   .            (no ring)
rCorr   .            (no ring)
SInv    .            (no ring)
Will    .....        (no ring)
Stlth   +++          (no ring)
HPRegen 0.22/turn    (no ring)
MPRegen 0.08/turn    (no ring)
                     (no ring)

%: no passive effects
@: no status effects
A: almost no armour, amphibious, 8 rings, camouflage 1, gelatinous body 1,
(nimble swimmer 1), tentacles
a: no special abilities


You were on level 1 of the Dungeon.
You visited 1 branch of the dungeon, and saw 1 of its levels.

You collected 39 gold pieces.

Inventory:

Scrolls
 b - a scroll of identify {unknown}
 d - a scroll of amnesia {unknown}
Potions
 a - a potion of magic
 c - a potion of brilliance {unknown}


   Skills:
 * Level 0.3 Fighting
 * Level 2.0 Dodging
 + Level 2.7 Stealth
 * Level 2.1 Spellcasting
 + Level 4.1 Necromancy


You had 3 spell levels left.
You knew the following spells:

 Your Spells              Type           Power      Damage    Failure   Level
a - Necrotise             Necr           60%        1d7       3%          1

Your spell library contained the following spells:

 Spells                   Type           Power      Damage    Failure   Level
 Vampiric Draining        Necr           15%        2d7       11%         3
 Animate Dead             Necr           15%        N/A       34%         4
 Agony                    Necr           15%        N/A       69%         5


Dungeon Overview and Level Annotations

Branches:
Dungeon (1/15)

Altars:

Shops:
D:1 [


Innate Abilities, Weirdness & Mutations

You cannot wear most types of armour.
You are amphibious.
You can wear up to eight rings at the same time.
Your skin changes colour to match your surroundings (Stealth+).
Your rubbery body absorbs attacks. (AC +1, EV +1)
((You are camouflaged when in or above water. (Stealth+)))
You have tentacles for arms and can constrict up to eight enemies at once.


Message History

HP restored.
You now have 39 gold pieces (gained 9).
You open the door.
There is an open door here.
A kobold comes into view. It is wielding a +0 short sword.
The kobold shouts!
A quokka comes into view.
The kobold throws a stone.
The stone hits you.
Found a scroll labelled BARCHY NOXAKLEMI.
The kobold throws a stone.
The stone closely misses you.
You barely miss the quokka. Your grab misses the quokka. The quokka bites you.
The kobold throws a stone.
The stone closely misses you.
You tentacle-slap the quokka. Your grab misses the quokka.
The quokka is lightly wounded.
The quokka barely misses you.
The kobold throws a stone.
The stone hits you.
You closely miss the quokka. Your grab misses the quokka.
The quokka is lightly wounded.
The quokka bites you. The quokka closely misses you.
You tentacle-slap the quokka but do no damage.
Your grab misses the quokka.
The quokka is lightly wounded.
The quokka barely misses you.
You tentacle-slap the quokka. You grab the quokka. You squeeze the quokka.
The quokka is almost dead.
You constrict the quokka.
You kill the quokka!
The kobold throws a stone.
The stone hits you.
* * * LOW HITPOINT WARNING * * *
The kobold misses you.
You see here a quokka corpse.
You closely miss the kobold. You grab the kobold.
You constrict the kobold, but do no damage.
The kobold hits you with a +0 short sword.
* * * LOW HITPOINT WARNING * * *
You tentacle-slap the kobold.
The kobold is moderately wounded.
You constrict the kobold, but do no damage.
The kobold hits you with a +0 short sword.
You die...

#.### #####...########
#..............#
#.......!...... ..#
#..?........... ### ..#
..#######...########.. ..#
...................#.# #.#
.#####.##K......#.#.####.#
###'##@####.##.#.#....#
.######......####....#.#....#
.......................'.....
...................###.#.....
.######.....#..###.###.#.....
#.....##...............
+.....######......##.#.
###.....#########...#....
..................†....##.


You could see a kobold.

Vanquished Creatures
  A giant cockroach (D:1)
  A hobgoblin (D:1)
  A quokka (D:1)
  A frilled lizard (D:1)
  A rat (D:1)
5 creatures vanquished.

Notes
Turn   | Place    | Note
-------+----------+-------------------------------------------
     0 | D:1      | Esekla the Octopode Necromancer began the quest for the
                  | Orb.
     0 | D:1      | Reached XP level 1. HP: 11/11 MP: 3/3
    97 | D:1      | Found Vukhoix's Antique Armour Shoppe.
   251 | D:1      | Slain by a kobold

Illustrated notes

Levels and vault maps discovered:
D:1:      minmay_arrival_arboretum_small, layout_basic, serial_shops,
          nicolae_lakefront_shop, minmay_tetromino_o2

Action                     || total
---------------------------++-------
  Melee: Unarmed           ||    19
         Tentacles         ||     5
         Constrict         ||     4
   Stab: Sleeping          ||     1
 Armour: Skin              ||     1
  Dodge: Dodged            ||    11
